 Dungeon Crawl Stone Soup version 0.17.1-3-g152610e (webtiles) character file.

243 sartoz the Chopper (level 5, -7/48 HPs)
             Began as a Minotaur Berserker on Mar 13, 2016.
             Was a Priest of Trog.
             Mangled by a wight
             ... wielding a +2 flail
              (10 damage)
             ... on level 3 of the Dungeon.
             The game lasted 00:45:02 (2516 turns).

sartoz the Chopper (Minotaur Berserker)             Turns: 2516, Time: 00:45:02

Health: -7/48      AC:  5    Str: 22    XL:     5   Next: 82%
Magic:  4/4        EV: 11    Int:  4    God:    Trog [***...]
Gold:   174        SH:  0    Dex: 10    Spells: 0 memorised, 4 levels left

rFire  . . .     SeeInvis .     a - +0 hand axe
rCold  . . .     Clarity  .     l - +0 ring mail
rNeg   . . .     SustAt   .     (no shield)
rPois  .         Gourm    .     (helmet restricted)
rElec  .         Spirit   .     (no cloak)
rCorr  .         Warding  .     (no gloves)
rMut   .         Stasis   .     (no boots)
MR     ++...                    (no amulet)
Stlth  ..........               (no ring)
                                (no ring)

@: regenerating, very resistant to hostile enchantments, extremely unstealthy
A: retaliatory headbutt, horns 2
a: Berserk, Trog's Hand, Burn Spellbooks, Renounce Religion


You were on level 3 of the Dungeon.
You worshipped Trog.
Trog was most pleased with you.
You were hungry.

You visited 1 branch of the dungeon, and saw 3 of its levels.

You collected 174 gold pieces.

Inventory:

Hand Weapons
 a - a +0 hand axe (weapon)
Armour
 b - a +0 animal skin
 l - a +0 ring mail (worn)
Jewellery
 d - a +3 ring of intelligence {unknown}
 k - an uncursed ring of protection from cold {unknown}
 t - a +4 ring of intelligence {unknown}
Scrolls
 e - a scroll of amnesia {unknown}
 h - a scroll of random uselessness {unknown}
 j - 3 scrolls of identify {unknown}
 m - a scroll of fear {unknown}
 p - a scroll of enchant weapon {unknown}
 q - a scroll of remove curse {unknown}
 r - a scroll of immolation {unknown}
Potions
 g - a potion of agility {unknown}
 i - a potion of heal wounds {unknown}
 s - 2 potions of brilliance {unknown}
Books
 u - a book of the Dragon

   Spells                             Type                      Level
   a - Flame Tongue                   Conjuration/Fire             1
   b - Cause Fear                     Hexes                        4
   c - Bolt of Fire                   Conjuration/Fire             6
   d - Dragon Form                    Transmutation                7
   e - Dragon's Call                  Summoning                    9
   Trog disapproves of the use of such an item.
Comestibles
 c - 3 bread rations
 f - 6 fruits
 n - 7 chunks of flesh
 o - a meat ration


   Skills:
 + Level 5.4 Fighting
 * Level 6.5 Axes
 - Level 2.7 Armour
 - Level 2.5 Dodging


You had 4 spell levels left.
You didn't know any spells.

Dungeon Overview and Level Annotations

Branches:
Dungeon (3/15)

Altars:


Innate Abilities, Weirdness & Mutations

You reflexively headbutt those who attack you in melee.
You have a pair of horns on your head.


Message History

You hit the wight.
You headbutt the wight, but do no damage.
The wight is moderately damaged.
The wight hits you with an enchanted flail.
* * * LOW HITPOINT WARNING * * *
You hit the wight.
The wight is heavily damaged.
You closely miss the wight.
The wight is heavily damaged.
The wight hits you with an enchanted flail.
* * * LOW HITPOINT WARNING * * *
You barely miss the wight. Your headbutt misses the wight.
The wight is heavily damaged.
The wight hits you with an enchanted flail.
* * * LOW HITPOINT WARNING * * *
Your skin crawls.
You feel resistant to hostile enchantments.
You feel slightly more hungry.
The wight hits you with an enchanted flail!
You die...

#........### #.....
.....#........# #.....
....#........# #.....
#...#........######.÷...
#...#................###
#...#######....†.....#
#... #..........#
#...#######..........#
+...)zz@..'..........#
#...#######..........#
#... #..........# ####
#..........#
#..........#
#..........#
############


You could see 2 wights.

Vanquished Creatures
  3 wights (D:3)
  A worker ant (D:3)
  3 adders
  3 worms
  4 giant geckos
  A ball python (D:1)
  7 giant cockroaches
  4 hobgoblins
  16 jackals
  8 kobolds
  10 bats
  2 giant newts (D:2)
  3 goblins
  A quokka (D:3)
  7 rats
73 creatures vanquished.

Notes
Turn   | Place    | Note
--------------------------------------------------------------
     0 | D:1      | sartoz the Minotaur Berserker began the quest for the Orb.
     0 | D:1      | Reached XP level 1. HP: 19/19 MP: 0/0
   114 | D:1      | Reached XP level 2. HP: 17/27 MP: 1/1
   249 | D:1      | Reached skill level 4 in Fighting
   679 | D:1      | Reached XP level 3. HP: 25/33 MP: 2/2
   713 | D:1      | Reached ** piety under Trog
  1938 | D:2      | Reached skill level 5 in Axes
  1938 | D:2      | Reached XP level 4. HP: 41/41 MP: 3/3
  2123 | D:2      | Found a faded altar to an unknown god.
  2241 | D:3      | Reached *** piety under Trog
  2504 | D:3      | Reached skill level 5 in Fighting
  2504 | D:3      | Reached XP level 5. HP: 22/48 MP: 4/4
  2505 | D:3      | Reached skill level 6 in Axes
  2512 | D:3      | HP: 2/48 [wight/enchanted flail (4)]
  2516 | D:3      | Mangled by a wight

Action                   |  1- 3 |  4- 6 || total
-------------------------+-------+-------++-------
Melee: Hand axe          |    95 |    68 ||   163
Invok: Trog's Hand       |       |     1 ||     1
  Eat: Chunk             |     1 |     2 ||     3
       Beef jerky        |     1 |       ||     1
